 Dungeon Crawl Stone Soup version 0.20.0-7-g3b7b877 (webtiles) character file.

2279 Manul the Sneak (level 9, 0/58 HPs)
             Began as an Octopode Ice Elementalist on May 28, 2017.
             Was an Initiate of Gozag.
             Slain by a wight
             ... wielding a +3 dagger
              (2 damage)
             ... on level 6 of the Dungeon.
             The game lasted 00:12:43 (9882 turns).

Manul the Sneak (Octopode Ice Elementalist)         Turns: 9882, Time: 00:12:43

Health: 0/58       AC:  7    Str: 12    XL:     9   Next: 39%
Magic:  15/16      EV: 20    Int: 17    God:    Gozag
Gold:   451        SH:  0    Dex: 21    Spells: 7/17 levels left

rFire    . . .     SeeInvis .   x - +1 dagger (pain)
rCold    . . .     Gourm    .   (no shield)
rNeg     . . .     Faith    .   (helmet restricted)
rPois    .         Spirit   .   (no amulet)
rElec    .         Reflect  .   (no ring)
rCorr    .         Harm     .   (no ring)
MR       .....                  (no ring)
Stlth    +++++.....             (no ring)
Regen    0.2/turn               (no ring)
MPRegen  0.2/turn               (no ring)
                                (no ring)
                                (no ring)

@: mighty, agile, icy armour, gold aura, heavily drained, slow
A: almost no armour, stealthy swim, amphibious, 8 rings, constrict 8, camouflage
1, gelatinous body 1
a: Potion Petition, Call Merchant, Bribe Branch, Renounce Religion


You were on level 6 of the Dungeon.
You worshipped Gozag.
Gozag was aware of your devotion.
You were near starving.

You visited 2 branches of the dungeon, and saw 7 of its levels.

You collected 528 gold pieces.
You paid 77 gold pieces to Gozag.

Inventory:

Hand Weapons
 e - a +0 dagger
 u - a +0 rapier
 x - a +1 dagger of pain (weapon)
Missiles
 h - 46 bolts
Jewellery
 y - an uncursed ring of protection from cold {unknown}
Wands
 n - a wand of digging (8/24)
 z - a wand of disintegration (9/24)
Scrolls
 b - a scroll of fog {unknown}
 c - a scroll of blinking {unknown}
 i - 4 scrolls of identify {unknown}
 l - 4 scrolls of remove curse {unknown}
 m - 2 scrolls of enchant weapon {unknown}
 o - a scroll of magic mapping {unknown}
 p - a scroll of teleportation {unknown}
 q - a scroll of fear
 v - 2 scrolls of random uselessness {unknown}
 A - a scroll of amnesia {unknown}
Potions
 f - 2 potions of mutation {unknown}
 j - a potion of agility
 s - a potion of berserk rage {unknown}
 t - a potion of resistance
 w - a potion of heal wounds {unknown}
Books
 a - a book of Frost

   Spells                             Type                      Level
   a - Freeze                         Ice                          1
   b - Throw Frost                    Conjuration/Ice              2
   c - Ozocubu's Armour               Charms/Ice                   3
   d - Throw Icicle                   Conjuration/Ice              4
   e - Summon Ice Beast               Ice/Summoning                4
Comestibles
 d - 3 royal jellies
 k - 11 fruits
 r - 2 meat rations


   Skills:
 + Level 3.9(2.1) Fighting
 + Level 6.0(4.1) Short Blades
 + Level 5.3(3.5) Dodging
 + Level 7.3(5.3) Stealth
 - Level 4.7(2.8) Spellcasting
 + Level 1.0(0.0) Conjurations
 + Level 2.1(0.4) Charms
 - Level 5.0(3.1) Ice Magic
 + Level 0.7(0.0) Evocations


You had 7 spell levels left.
You knew the following spells:

 Your Spells              Type           Power        Failure   Level  Hunger
a - Freeze                Ice            ##..         4%          1    #......
b - Ozocubu's Armour      Chrm/Ice       #.......     26%         3    ###....
c - Throw Icicle          Conj/Ice       #.......     67%         4    #####..
d - Throw Frost           Conj/Ice       #.....       14%         2    ##.....


Dungeon Overview and Level Annotations

Branches:
Dungeon (6/15)             Temple (1/1) D:5

Altars:
Cheibriados
Elyvilon
Fedhas
Gozag
Kikubaaqudgha
Nemelex Xobeh
Trog
Vehumet
Xom
Yredelemnul
The Shining One

Shops:
D:5 =


Innate Abilities, Weirdness & Mutations

You cannot wear most types of armour.
You are very stealthy in the water. (Stealth+)
You are amphibious.
You can wear up to eight rings at the same time.
You can use your tentacles to constrict eight enemies at once.
Your skin changes colour to match your surroundings (Stealth+).
Your rubbery body absorbs attacks. (AC +1, EV +1)


Message History

The wight hits you from afar with a spear!
* * * LOW HITPOINT WARNING * * *
You feel drained.
* * * LOW HITPOINT WARNING * * *
The wight is no longer distracted by gold.
It was a potion of agility.
You feel agile all of a sudden. The wight misses you.
Okay, then.
You feel very mighty all of a sudden. The wight closely misses you.
The wight misses you.
You barely miss the wight. You grab the wight. You squeeze the wight!
You destroy the wight!
The wight throws a stone.
The stone completely misses you.
The wight hits you with an enchanted dagger!
* * * LOW HITPOINT WARNING * * *
You feel drained.
You die...
Your body crumbles into a pile of gold.

#......).....#
####.####....#
#(####....#
#.##......#
#(##......# $
>...... #.##(.....#
....... #.##......#
....... #.##......#
....... #@##......#
....... #z##......#
....... #)##......#
.......###..+..)...#
.#.#zz...##......#
.....'.....'....####
##.#.#....(###### #
#............
###..........


You could see a wight.

Vanquished Creatures
  The ghost of Yarijo the Quickloader, a novice KoHu of Okawaru (D:5)
  Eustachio (D:4)
  Menkaure (D:5)
  A phantom (D:4)
  An ice beast (D:5)
  An ogre (D:4)
  2 centaurs
  4 scorpions
  2 wights (D:6)
  2 howler monkeys
  3 crimson imps (D:5)
  2 orc priests
  5 hounds
  4 orc wizards
  A bullfrog skeleton (D:4)
  2 centaur skeletons
  An iguana (D:2)
  Natasha (thrice) (D:3)
  2 worker ants (D:5)
  A hound skeleton (D:5)
  4 gnolls (D:3)
  8 adders
  A shadow imp (D:5)
  3 oozes
  A worm (D:4)
  3 dart slugs
  5 leopard geckos
  13 orcs
  8 bats
  4 giant cockroaches
  7 goblins
  11 hobgoblins
  8 jackals
  6 kobolds
  2 quokkas (D:2)
  3 ball pythons
  6 frilled lizards
  A leopard gecko skeleton (D:4)
  A quokka zombie (D:4)
  8 rats
143 creatures vanquished.

Notes
Turn   | Place    | Note
-------+----------+-------------------------------------------
     0 | D:1      | Manul the Octopode Ice Elementalist began the quest for the Orb.
     0 | D:1      | Reached XP level 1. HP: 11/11 MP: 3/3
   157 | D:1      | Reached XP level 2. HP: 16/17 MP: 5/5
   232 | D:1      | Reached skill level 3 in Stealth
   774 | D:1      | Reached XP level 3. HP: 21/21 MP: 6/6
  1019 | D:1      | Learned a level 3 spell: Ozocubu's Armour
  1267 | D:2      | Reached skill level 4 in Stealth
  1562 | D:2      | Reached XP level 4. HP: 27/27 MP: 7/7
  1716 | D:2      | Found a blossoming altar of Fedhas.
  1999 | D:2      | Reached skill level 1 in Short Blades
  2195 | D:2      | HP: 1/27 [iguana (9)]
  2765 | D:3      | Reached XP level 5. HP: 32/32 MP: 8/8
  2831 | D:3      | Noticed Natasha
  2841 | D:3      | Killed Natasha
  2841 | D:3      | Reached skill level 1 in Fighting
  3004 | D:3      | Noticed Natasha
  3013 | D:3      | Killed Natasha
  3067 | D:3      | Found a glowing golden altar of the Shining One.
  3509 | D:3      | Found a basalt altar of Yredelemnul.
  3537 | D:3      | Noticed Natasha
  3547 | D:3      | Killed Natasha
  3555 | D:3      | Reached XP level 6. HP: 25/38 MP: 7/10
  3568 | D:3      | Learned a level 4 spell: Throw Icicle
  3571 | D:3      | Learned a level 2 spell: Throw Frost
  3695 | D:4      | Noticed Eustachio
  3920 | D:4      | Noticed a phantom
  5012 | D:4      | Killed Eustachio
  5012 | D:4      | Reached XP level 7. HP: 39/45 MP: 4/12
  5064 | D:4      | Found a bloodstained altar of Trog.
  5730 | D:5      | Entered Level 5 of the Dungeon
  5747 | D:5      | HP: 2/45 [ice beast (6)]
  6017 | D:5      | Reached skill level 5 in Stealth
  6017 | D:5      | Reached XP level 8. HP: 48/51 MP: 13/13
  6093 | D:5      | Reached skill level 1 in Charms
  6094 | D:5      | Found Coink's Jewellery Shoppe.
  6113 | D:5      | HP: 2/51 [hound (3)]
  6270 | D:5      | Noticed Yarijo's ghost (novice KoHu)
  6454 | D:5      | Killed Yarijo's ghost
  6454 | D:5      | Reached skill level 6 in Stealth
  7033 | D:5      | Found a staircase to the Ecumenical Temple.
  7050 | Temple   | Entered the Ecumenical Temple
  7111 | Temple   | Became a worshipper of Gozag Ym Sagoz the Greedy
  7461 | D:5      | Noticed Menkaure
  7465 | D:5      | Killed Menkaure
  7465 | D:5      | Reached skill level 5 in Short Blades
  7465 | D:5      | Reached skill level 5 in Dodging
  7465 | D:5      | Reached skill level 5 in Ice Magic
  7465 | D:5      | Reached XP level 9. HP: 57/57 MP: 15/15
  9525 | D:6      | Reached skill level 7 in Stealth
  9882 | D:6      | HP: 2/58 [wight/enchanted dagger (11)]
  9882 | D:6      | Slain by a wight

Skill      XL: |  1  2  3  4  5  6  7  8  9 |
---------------+----------------------------+-----
Stealth        | 3 4 5 6 7 |  7.3
Short Blades   | 1 2 3 5 6 |  6.0
Fighting       | 1 2 3 |  3.9
Dodging        | 3 4 5 |  5.3
Spellcasting   | 3 4 |  4.7
Ice Magic      | 4 5 |  5.0
Charms         | 1 2 |  2.1
Conjurations   | |  1.0
Evocations     | |  0.7

Action                   |  1- 3 |  4- 6 |  7- 9 || total
-------------------------+-------+-------+-------++-------
Melee: Dagger            |    91 |   160 |    98 ||   349
       Constrict         |    20 |    34 |    34 ||    88
       Tentacles         |     8 |    32 |    48 ||    88
       Rapier            |       |       |   161 ||   161
 Cast: Freeze            |     4 |    27 |    10 ||    41
       Ozocubu's Armour  |     1 |     9 |    11 ||    21
       Throw Frost       |       |     4 |       ||     4
Invok: Potion Petition   |       |       |     1 ||     1
Evoke: Wand              |       |       |     2 ||     2
  Use: Potion            |       |     5 |     6 ||    11
       Scroll            |       |       |     1 ||     1
 Stab: Sleeping          |     8 |     8 |    14 ||    30
       Distracted        |       |       |     1 ||     1
  Eat: Chunk             |     2 |     8 |     1 ||    11
       Bread ration      |       |     1 |     2 ||     3
       Meat ration       |       |       |     1 ||     1
Armor: Skin              |    17 |    18 |    43 ||    78
Dodge: Dodged            |    71 |   127 |   189 ||   387
